 Dungeon Crawl Stone Soup version 0.29-a0-299-g4c793a2ed2 (webtiles) character file.

Game seed: 11407159090034993955

3778 Dabor the Destroyer (level 9, -10/49 HPs)
             Began as a Deep Elf Conjurer on Mar 24, 2022.
             Was a Priest of Vehumet.
             Mangled by an orc warrior
             ... wielding a +0 glaive
              (18 damage)
             ... in a bailey.
             The game lasted 00:24:08 (7400 turns).

Dabor the Destroyer (Deep Elf Conjurer)             Turns: 7400, Time: 00:24:09

Health: -10/49     AC:  4    Str:  4    XL:     9   Next: 95%
Magic:  9/24       EV: 14    Int: 37    God:    Vehumet [***...]
Gold:   273        SH:  0    Dex: 11    Spells: 8/26 levels left

rFire   + . .      SeeInvis +   x - +2 dagger of Yeast {vorpal, rF+}
rCold   . . .      Faith    .   (no shield)
rNeg    . . .      Spirit   .   g - +2 robe of Oshramuo {Contam Int+3 SInv Stlth+}
rPois   .          Reflect  .   (no helmet)
rElec   .          Harm     +   e - scarf {harm}
rCorr   .          Rampage  .   (no gloves)
Will    .....                   (no boots)
Stlth   +++.......              (no amulet)
HPRegen 0.16/turn               k - ring of wizardry
MPRegen 0.19/turn               y - +6 ring of intelligence

@: no status effects
A: claws 1, clumsy 1, robust 1
a: Renounce Religion


You were in a bailey.
You worshipped Vehumet.
Vehumet was most pleased with you.
You visited 1 branch of the dungeon, and saw 7 of its levels.
You also visited: Bailey.

You collected 481 gold pieces.
You spent 208 gold pieces at shops.

Inventory:

Hand Weapons
 h - a +3 whip of electrocution
 x - the +2 dagger of Yeast (weapon) {vorpal, rF+}
   (You found it on level 3 of the Dungeon)

   It inflicts extra damage upon your enemies.
   rF:        It protects you from fire.
Armour
 e - a scarf of harm (worn)
 g - the +2 robe of Oshramuo (worn) {Contam Int+3 SInv Stlth+}
   (You bought it in a shop on level 2 of the Dungeon)

   Int:       It affects your intelligence (+3).
   SInv:      It lets you see invisible.
   Contam:    It causes magical contamination when unequipped.
   Stlth:     It makes you more stealthy.
Jewellery
 a - a +4 ring of slaying
 k - a ring of wizardry (left claw)
 w - a ring of protection from cold
 y - a +6 ring of intelligence (right claw)
Wands
 s - a wand of polymorph (12)
 u - a wand of flame (19)
Scrolls
 c - 2 scrolls of teleportation
 d - a scroll of identify
 p - 2 scrolls of amnesia
Potions
 b - 2 potions of magic
 f - 2 potions of curing
 i - 3 potions of might
 j - a potion of lignification
 l - 3 potions of experience
 m - a potion of flight
 n - a potion of brilliance {unknown}
 o - 3 potions of heal wounds {unknown}
 q - 2 potions of invisibility {unknown}
 r - a potion of cancellation
 v - a potion of haste {unknown}


   Skills:
 + Level 8.2 Dodging
 - Level 4.0 Stealth
 + Level 9.0 Spellcasting
 * Level 10.9 Conjurations
 - Level 6.0 Translocations


You had 8 spell levels left.
You knew the following spells:

 Your Spells              Type           Power      Damage    Failure   Level
a - Magic Dart            Conj           100%       1d8       1%          1
b - Searing Ray           Conj           100%       2d8       1%          2
c - Fulminant Prism       Conj/Hex       27%        3d14      1%          4
d - Iskenderun's Mystic   Conj/Tloc      68%        2d14      1%          4
e - Swiftness             Air            16%        N/A       2%          3
f - Airstrike             Air            8%         N/A       3%          4

Your spell library contained the following spells:

 Spells                   Type           Power      Damage    Failure   Level
 Inner Flame              Hex/Fire       16%        N/A       1%          3
 Shock                    Conj/Air       100%       1d9       1%          1
 Summon Small Mammal      Summ           64%        N/A       1%          1
 Dazzling Flash           Conj/Hex       100%       N/A       1%          3
 Call Canine Familiar     Summ           16%        N/A       2%          3
 Summon Guardian Golem    Hex/Summ       16%        N/A       2%          3


Dungeon Overview and Level Annotations

Branches:
Dungeon (7/15)             Temple (0/1) D:5          Bailey (1/1)

Altars:
Elyvilon
Ru
Uskayaw
Vehumet
Yredelemnul

Shops:
D:2 *[


Innate Abilities, Weirdness & Mutations

You have sharp fingernails.
You are clumsy. (Dex -2)
You are robust. (+10% HP)


Message History

The searing ray hits the orc warrior.
The orc warrior is heavily wounded.
The searing ray misses the orc warrior.
The orc warrior hits you from afar with a +0 bardiche!
Casting: Searing Ray (safe; 1% risk of failure)
Confirm with . or Enter, or press ? or * to list all spells.
Restarting spell: Searing Ray (safe; 1% risk of failure)
Press: ? - help, Shift-Dir - straight line, f - orc warrior, p - orc warrior
Aim: an orc warrior, wielding a +0 glaive and wearing a +0 ring mail (79% to hit)
The searing ray hits the orc warrior!
The orc warrior is almost dead.
The searing ray hits the orc warrior!
The orc warrior is moderately wounded. (Press . to maintain the ray.)
The orc warrior hits you from afar with a +0 bardiche!!
The searing ray misses the orc warrior.
The searing ray hits the orc warrior!
The orc warrior is severely wounded.
The orc warrior misses you.
Okay, then.
Okay, then.
There is an open gate here.
You close the gate.
Something unseen opens the gate.
The orc warrior closely misses you.
You close the gate.
Something unseen opens the gate.
The orc warrior hits you from afar with a +0 bardiche!
* * * LOW HITPOINT WARNING * * *
Casting: Searing Ray (safe; 1% risk of failure)
Confirm with . or Enter, or press ? or * to list all spells.
Aiming: Searing Ray (safe; 1% risk of failure)
Press: ? - help, Shift-Dir - straight line, f - orc warrior
Aim: an orc warrior, wielding a +0 bardiche and wearing a +0 ring mail (almost dead, 79% to hit)
The searing ray hits the orc warrior!
You kill the orc warrior!
Vehumet accepts your kill.
You feel your power returning. (Press . to maintain the ray.)
Your Spellcasting skill increases to level 9!
The searing ray misses the orc warrior.
The orc warrior hits you from afar with a +0 glaive!
You die...

#### ####### ##### ...##
##.....#########.....
)...######.......#.....#.....)
)...#....#))##)..'.....'..#...
....'....'..8....'.....'.).)o.
....#....#.)##...'o...))..#
....######..)...@#.....#.).)o.
...## ##.)...######## .....
#### ####### ####


You could see an orc warrior.

Vanquished Creatures
  A two-headed ogre (D:7)
  A wyvern (D:7)
  A water moccasin (D:7)
  Duvessa (D:7)
  7 orc warriors (Bailey)
  A hornet zombie (D:7)
  2 sky beasts
  2 ogres
  A kobold brigand (D:7)
  3 gnoll sergeants (D:6)
  Blork the orc (D:5)
  3 necrophages
  2 scorpions (D:5)
  Dowan (D:7)
  3 killer bees (D:7)
  2 bullfrog zombies (D:7)
  2 centaur zombies (D:7)
  5 hounds
  4 orc priests
  2 iguanas
  An orc wizard (D:6)
  A killer bee zombie (D:7)
  21 gnolls
  9 adders
  2 shadow imps
  A white imp (D:7)
  An ufetubus (D:7)
  2 dart slugs
  A worm (D:2)
  40 orcs
  4 ball pythons
  7 endoplasms
  6 giant cockroaches
  5 goblins
  9 hobgoblins
  10 kobolds
  5 quokkas
  5 bats
  7 frilled lizards
  7 rats
189 creatures vanquished.

Vanquished Creatures (others)
  39 fulminant prisms
  6 plants (D:4)
45 creatures vanquished.

Grand Total: 234 creatures vanquished

Notes
Turn   | Place    | Note
-------+----------+-------------------------------------------
     0 | D:1      | Dabor the Deep Elf Conjurer began the quest for the Orb.
     0 | D:1      | Reached XP level 1. HP: 10/10 MP: 6/6
   199 | D:1      | Reached XP level 2. HP: 15/15 MP: 6/8
   481 | D:1      | Found a faded altar of an unknown god.
   765 | D:1      | Prayed at the altar of an unknown god.
   765 | D:1      | Became a worshipper of Ru the Awakened
   781 | D:2      | Reached XP level 3. HP: 5/19 MP: 0/10
  1089 | D:2      | Found a sacrificial altar of Ru.
  1180 | D:2      | Found Lonkis's Assorted Antiques.
  1422 | D:2      | Found Goty Dinea's Antique Armour Shop.
  1508 | D:2      | Learned a level 2 spell: Searing Ray
  1529 | D:2      | Reached skill level 5 in Conjurations
  1529 | D:2      | Reached XP level 4. HP: 24/24 MP: 11/11
  2316 | D:3      | Found a radiant altar of Vehumet.
  2813 | D:3      | Reached XP level 5. HP: 28/28 MP: 13/13
  3025 | D:3      | Fell from the grace of Ru
  3025 | D:3      | Became a worshipper of Vehumet
  3059 | D:3      | Identified the +2 dagger of Yeast {vorpal, rF+}
  3081 | D:4      | Noticed an ogre
  3137 | D:3      | Gained mutation: You are occasionally teleported next to
                  | monsters. [potion of mutation]
  3137 | D:3      | Gained mutation: You are clumsy. (Dex -2) [potion of
                  | mutation]
  3137 | D:3      | Gained mutation: Your muscles are strong. (Str +2) [potion
                  | of mutation]
  3137 | D:3      | Gained mutation: Your spells are a little harder to cast,
                  | but a little more powerful. [potion of mutation]
  3152 | D:3      | Killed an ogre
  3390 | D:4      | Reached skill level 6 in Conjurations
  3763 | D:4      | Reached XP level 6. HP: 32/32 MP: 15/15
  3790 | D:4      | Reached * piety under Vehumet
  3790 | D:4      | Offered knowledge of Freeze by Vehumet.
  3791 | D:4      | Reached skill level 5 in Spellcasting
  3936 | D:4      | Lost mutation: You are clumsy. (Dex -2) [potion of
                  | mutation]
  3936 | D:4      | Lost mutation: Your muscles are strong. (Str +2) [potion of
                  | mutation]
  3936 | D:4      | Lost mutation: Your spells are a little harder to cast, but
                  | a little more powerful. [potion of mutation]
  3936 | D:4      | Gained mutation: You are frail. (-10% HP) [potion of
                  | mutation]
  3936 | D:4      | Gained mutation: Armour fits poorly on your strangely
                  | shaped body. [potion of mutation]
  3936 | D:4      | Gained mutation: You are weak. (Str -2) [potion of
                  | mutation]
  3936 | D:4      | Gained mutation: You have a pair of small horns on your
                  | head. [potion of mutation]
  3937 | D:4      | Lost mutation: Armour fits poorly on your strangely shaped
                  | body. [potion of mutation]
  3937 | D:4      | Lost mutation: You are weak. (Str -2) [potion of mutation]
  3937 | D:4      | Lost mutation: You have a pair of small horns on your head.
                  | [potion of mutation]
  3937 | D:4      | Gained mutation: You have sharp fingernails. [potion of
                  | mutation]
  3937 | D:4      | Gained mutation: You have a pair of small antennae on your
                  | head. [potion of mutation]
  3938 | D:4      | Lost mutation: You have a pair of small antennae on your
                  | head. [potion of mutation]
  3938 | D:4      | Lost mutation: You are occasionally teleported next to
                  | monsters. [potion of mutation]
  3938 | D:4      | Lost mutation: You are frail. (-10% HP) [potion of
                  | mutation]
  3938 | D:4      | Gained mutation: You are robust. (+10% HP) [potion of
                  | mutation]
  3938 | D:4      | Gained mutation: You are clumsy. (Dex -2) [potion of
                  | mutation]
  4019 | D:5      | Entered Level 5 of the Dungeon
  4061 | D:2      | Bought a scroll labelled XUGUWYI SISIE for 24 gold pieces
  4061 | D:2      | Bought a slimy robe for 136 gold pieces
  4061 | D:2      | Identified the +2 robe of Oshramuo {Contam Int+3 SInv
                  | Stlth+} (You bought it in a shop on level 2 of the Dungeon)
  4061 | D:2      | Bought a scroll of identify for 48 gold pieces
  4382 | D:5      | Noticed a two-headed ogre
  4387 | D:5      | Noticed Blork the orc
  4468 | D:5      | Learned a level 4 spell: Fulminant Prism
  4473 | D:5      | Learned a level 4 spell: Iskenderun's Mystic Blast
  4473 | D:5      | Found a staircase to the Ecumenical Temple.
  4473 | D:5      | Noticed a +0 dagger
  4473 | D:5      | Noticed a +0 short sword
  4474 | D:5      | Noticed a +0 short sword
  4474 | D:5      | Noticed a +0 falchion
  4474 | D:5      | Noticed a +0 spear
  4475 | D:5      | Noticed a +0 dagger
  4477 | D:5      | Found a hide-covered altar of Uskayaw.
  4477 | D:5      | Noticed a +0 spear
  4477 | D:5      | Noticed a +0 falchion
  4581 | D:5      | Reached skill level 1 in Translocations
  4581 | D:5      | Reached XP level 7. HP: 34/39 MP: 17/17
  4587 | D:5      | Killed Blork the orc
  4735 | D:5      | Reached skill level 5 in Dodging
  4747 | D:5      | Reached skill level 7 in Conjurations
  5589 | D:6      | Reached XP level 8. HP: 36/45 MP: 19/19
  5896 | D:6      | Offered knowledge of Scorch by Vehumet.
  5897 | D:6      | Reached skill level 8 in Conjurations
  5914 | D:6      | Reached ** piety under Vehumet
  6683 | D:7      | Reached skill level 5 in Translocations
  6696 | D:7      | Noticed Duvessa
  6696 | D:7      | Noticed Dowan
  6703 | D:7      | Killed Duvessa
  6718 | D:7      | Killed Dowan
  6814 | D:7      | Reached skill level 9 in Conjurations
  6814 | D:7      | Reached XP level 9. HP: 49/49 MP: 5/21
  6828 | D:7      | Found a basalt altar of Yredelemnul.
  6871 | D:7      | Found a white marble altar of Elyvilon.
  6885 | D:7      | Noticed a two-headed ogre
  6893 | D:7      | Killed a two-headed ogre
  6894 | D:7      | Reached skill level 10 in Conjurations
  6936 | D:7      | Found a flagged portal.
  6959 | Bailey   | Entered a bailey
  7073 | Bailey   | Offered knowledge of Inner Flame by Vehumet.
  7078 | Bailey   | Learned a level 3 spell: Swiftness
  7083 | Bailey   | Learned a level 4 spell: Airstrike
  7336 | Bailey   | Reached *** piety under Vehumet
  7400 | Bailey   | Mangled by an orc warrior

Illustrated notes

Levels and vault maps discovered:
D:1:      dpeg_arrival_ternary, layout_rooms, basic_ecumenical_altar,
          corexii_item_surrounded_by_moat
D:2:      layout_loops_cross, basic_altar, serial_shops, nicolae_shop_trees,
          nicolae_shop_stone
D:3:      layout_rooms, vehumet_altar_wand_db, minmay_vboxes
D:4:      layout_cave_pools, minmay_lizard_king
D:5:      nicolae_BIG_FREAKIN_CUBE, layout_cave_pools,
          nicolae_uskayaw_en_pointe, temple_fountains,
          kennysheep_generic_room_13, uniq_blork_the_orc
D:6:      layout_gridville
D:7:      layout_gridville, nicolae_yredelemnul_corpse_copse, elyvilon_altar_4,
          enter_bailey_2, uniq_duvessa
Bailey:   bailey_polearm_5, bailey

Skill      XL: |  1  2  3  4  5  6  7  8  9 |
---------------+----------------------------+-----
Dodging        | 3 4 5 6 8 |  8.2
Stealth        | 3 4 |  4.0
Conjurations   | 5 6 7 9 10 | 10.9
Spellcasting   | 4 5 6 7 9 |  9.0
Translocations | 1 3 5 6 |  6.0

Action                   |  1- 3 |  4- 6 |  7- 9 || total
-------------------------+-------+-------+-------++-------
Melee: Whip              |     1 |       |       ||     1
 Cast: Magic Dart        |    62 |    90 |    72 ||   224
       Searing Ray       |     1 |    16 |    41 ||    58
       Fulminant Prism   |       |     1 |    39 ||    40
Evoke: Wand              |       |       |     1 ||     1
  Use: Scroll            |       |     6 |     4 ||    10
       Potion            |       |     7 |     5 ||    12
Armor: Robe              |     4 |     9 |    13 ||    26
Dodge: Dodged            |     5 |    31 |    33 ||    69

Table legend: (Time is in decaauts)
 A = Elapsed time spent in this place.
 B = Non-inter-level travel time spent in this place.
 C = Inter-level travel time spent in this place.
 D = Time resting spent in this place.
 E = Time spent auto-exploring this place.
 F = Levels seen in this place.
 G = Mean time per level.
                   A        B        C        D        E       F      G
               +--------+--------+--------+--------+--------+-----+--------+
         Total |   7417 |   6909 |    508 |    751 |   4620 |   8 |  927.1 |
       Dungeon |   6976 |   6468 |    508 |    631 |   4427 |   7 |  996.6 |
        Bailey |    440 |    440 |      0 |    120 |    193 |   1 |  440.0 |
               +--------+--------+--------+--------+--------+-----+--------+

Top non-repeatable levels by time:
     D:6: 1504 daAuts
     D:2: 1339 daAuts
     D:3: 1101 daAuts
     D:1: 936 daAuts
     D:4: 870 daAuts
     D:5: 848 daAuts
  Bailey: 440 daAuts
     D:7: 375 daAuts
